 Dungeon Crawl Stone Soup version 0.21.1-1-g345015f (webtiles) character file.

731 Mirai the Slasher (level 7, -5/55 HPs)
             Began as a Demonspawn Fighter on Mar 20, 2018.
             Slain by a water moccasin (7 damage)
             ... on level 5 of the Dungeon.
             The game lasted 00:14:12 (4702 turns).

Mirai the Slasher (Demonspawn Fighter)              Turns: 4702, Time: 00:14:13

Health: -5/55      AC: 11    Str: 18    XL:     7   Next: 45%
Magic:  16/16      EV: 10    Int: 10    God:
Gold:   254        SH:  8    Dex: 12    Spells: 6/6 levels left

rFire    . . .     SeeInvis .   a - +1 long sword
rCold    . . .     Gourm    .   c - +0 shield
rNeg     . . .     Faith    .   b - +1 scale mail
rPois    .         Spirit   .   (helmet restricted)
rElec    .         Reflect  .   (no cloak)
rCorr    .         Harm     .   (no gloves)
MR       .....                  (no boots)
Stlth    ..........             (no amulet)
HPRegen  0.18/turn              q - +3 ring of evasion
MPRegen  0.15/turn              n - ring of magical power

@: lethally poisoned (-5 -> -27), drained
A: antennae 2, thin metallic scales 2
a: no special abilities


You were on level 5 of the Dungeon.
You were hungry.

You visited 2 branches of the dungeon, and saw 6 of its levels.

You collected 254 gold pieces.

Inventory:

Hand Weapons
 a - a +1 long sword (weapon)
Armour
 b - a +1 scale mail (worn)
 c - a +0 shield (worn)
Jewellery
 n - a ring of magical power (right hand)
 o - an uncursed amulet of harm
 q - a +3 ring of evasion (left hand)
Wands
 h - a wand of digging (25)
Scrolls
 e - 3 scrolls of fog
 g - a scroll of magic mapping
 i - 3 scrolls of enchant weapon
 k - 3 scrolls of identify
 l - 3 scrolls of remove curse
 m - 5 scrolls of teleportation
 p - a scroll of amnesia
Potions
 j - a potion of brilliance
Comestibles
 f - 9 rations


   Skills:
 + Level 4.5(4.0) Fighting
 + Level 5.4(4.9) Long Blades
 + Level 4.5(3.9) Armour
 + Level 2.1(1.6) Dodging
 - Level 2.6(2.1) Shields


You had 6 spell levels left.
You didn't know any spells.

Dungeon Overview and Level Annotations

Branches:
Dungeon (5/15)             Temple (1/1) D:4

Altars:
Cheibriados
Dithmenos
Elyvilon
Fedhas
Gozag
Hepliaklqana
Kikubaaqudgha
Makhleb
Ru
Sif Muna
Yredelemnul
Zin
The Shining One


Innate Abilities, Weirdness & Mutations

You have a pair of antennae on your head.
You are mostly covered in thin metallic scales. (AC +3)


Message History

* * * LOW HITPOINT WARNING * * *
You feel very sick. The water moccasin bites you.
* * * LOW HITPOINT WARNING * * *
Unknown command.
Your shield and scale mail prevent you from hitting the water moccasin.
The water moccasin is almost dead.
* * * LOW HITPOINT WARNING * * *
You feel sick. The water moccasin bites you.
* * * LOW HITPOINT WARNING * * *
You block the water moccasin's attack.
Unknown command.
Okay, then.
Okay, then.
Your shield and scale mail prevent you from hitting the water moccasin.
The water moccasin is almost dead.
* * * LOW HITPOINT WARNING * * *
You feel very sick. The water moccasin barely misses you.
The water moccasin bites you!
You die...

######..#.########.#...##.#
#.........#...##.##.#.###..
###.####....'...##.#.#### #..
#.....#.....##..###..### ##.
#.....#.....##...##....#####.
##(..##.....##..#...###..##.#
#...#......##..##### ##...##
##.##...........# ###.##
#.#....###@....# ###...#
###+.###.S##...# ##....##
..###.... #...###....##
#...... #...#..#..## ###....
....####### ###.. ..... ###
#....# ....#


You could see a water moccasin.

Vanquished Creatures
  A sky beast (D:5)
  An ogre (D:4)
  A vampire bat (D:5)
  2 crimson imps
  An orc wizard (D:3)
  2 orc priests
  2 worker ants (D:4)
  A gnoll (D:1)
  11 adders
  2 oozes
  An adder skeleton (D:4)
  3 worms
  3 fire bats (D:5)
  5 leopard geckos
  11 orcs
  2 spectral bats (D:5)
  A ball python (D:3)
  3 bat skeletons (D:5)
  A bat zombie (D:5)
  4 giant cockroaches
  9 goblins
  5 hobgoblins
  5 jackals
  3 quokkas
  17 bats
  A bat simulacrum (D:5)
  3 frilled lizards
  10 kobolds
  9 rats
120 creatures vanquished.

Vanquished Creatures (others)
  An orc (D:4)
  A quokka (D:4)
2 creatures vanquished.

Grand Total: 122 creatures vanquished

Notes
Turn   | Place    | Note
-------+----------+-------------------------------------------
     0 | D:1      | Mirai the Demonspawn Fighter began the quest for the Orb.
     0 | D:1      | Reached XP level 1. HP: 18/18 MP: 1/1
   350 | D:1      | Reached skill level 2 in Long Blades
   352 | D:1      | Gained mutation: You are partially covered in thin metallic scales. (AC +2) [demonic ancestry]
   352 | D:1      | Reached XP level 2. HP: 24/24 MP: 2/2
   735 | D:1      | Reached XP level 3. HP: 28/29 MP: 3/3
  1333 | D:2      | Reached XP level 4. HP: 24/35 MP: 4/4
  1630 | D:2      | Found a deep blue altar of Sif Muna.
  2150 | D:3      | Reached skill level 3 in Long Blades
  2231 | D:3      | Found a shadowy altar of Dithmenos.
  2321 | D:3      | Reached skill level 1 in Dodging
  2321 | D:3      | Gained mutation: You have a pair of small antennae on your head. [demonic ancestry]
  2321 | D:3      | Reached XP level 5. HP: 4/42 MP: 5/5
  2322 | D:3      | HP: 1/42 [orc/hand axe (3)]
  3494 | D:4      | Reached skill level 4 in Long Blades
  3494 | D:4      | Gained mutation: You have a pair of antennae on your head. [demonic ancestry]
  3494 | D:4      | Reached XP level 6. HP: 44/48 MP: 6/6
  3663 | D:4      | Found a white marble altar of Elyvilon.
  4025 | D:4      | Found a staircase to the Ecumenical Temple.
  4164 | Temple   | Entered the Ecumenical Temple
  4404 | D:5      | Entered Level 5 of the Dungeon
  4404 | D:5      | Noticed a sky beast
  4433 | D:5      | Killed a sky beast
  4433 | D:5      | Reached skill level 5 in Long Blades
  4433 | D:5      | Gained mutation: You are mostly covered in thin metallic scales. (AC +3) [demonic ancestry]
  4433 | D:5      | Reached XP level 7. HP: 28/55 MP: 7/7
  4702 | D:5      | HP: 2/55 [poisoned by a water moccasin]
  4702 | D:5      | Slain by a water moccasin

Skill      XL: |  1  2  3  4  5  6 |
---------------+-------------------+-----
Long Blades    | 2 3 4 5 |  5.4
Armour         | 3 4 |  4.5
Dodging        | 1 2 |  2.1
Fighting       | 4 |  4.5
Shields        | |  2.6

Action                   |  1- 3 |  4- 6 |  7- 9 || total
-------------------------+-------+-------+-------++-------
Melee: Long sword        |   119 |   316 |    48 ||   483
  Use: Scroll            |       |     9 |       ||     9
       Potion            |       |     3 |       ||     3
  Eat: Chunk             |     1 |    11 |     1 ||    13
Armor: Scale mail        |    71 |   158 |    41 ||   270
Dodge: Dodged            |    34 |   180 |    43 ||   257
Block: Shield            |    70 |   173 |    36 ||   279
       Rpst.: Long sword |     9 |    60 |    14 ||    83
